Map: Rifts to Korhal

Players

NamroodTuo

  • Race: Zerg Zerg

OwL

  • Race: Protoss Protoss
  • Spawn Location: 7:00

VOD

Have the link to the VOD?

Description

Time

  • Played on: Dec. 26, 2022, 11:09 a.m.
  • Length: 23:23
Show
View Real Time Build Order
Export as new Build Order

NamroodTuo Zerg 

Build Orders:  

Get SALT Encoding   

  12  0:03  Infested SCV  
  13  0:12  Infested SCV  
  14  0:36  Infested Barracks  
  14  0:39  Infested SCV  
  15  0:49  Overlord  
  15  1:15  Infested SCV  
  15  1:16  Infested SCV x2  
  18  1:30  Infested SCV  
  18  1:37  Infested Marine  
  20  1:45  Infested SCV  
  21  1:53  Infested Marine  
  22  2:01  Infested SCV  
  23  2:20  Overlord  
  23  2:35  Infested Barracks  
  23  2:59  Infested Engineering Bay  
  23  3:02  Infested SCV  
  24  3:10  Infested Refinery  
  24  3:18  Infested Refinery  
  23  3:20  Infested SCV  
  23  3:23  Infested SCV  
  23  3:26  Infested SCV  
  26  3:37  Infested Barracks  
  26  3:38  Infested Marine  
  26  3:39  Infested Marine x2  
  28  3:40  Infested Marine x2  
  28  3:41  Infested Marine  
  31  3:50  Overlord  
  31  4:01  Infestation Level 1  
  31  4:38  Infested SCV x2  
  33  4:42  Infested Barracks  
  33  4:44  Infested Barracks Tech Lab  
  33  5:07  Infested Command Center  
  33  5:16  Overlord  
  30  5:21  Stukov Infantry Weapons Level 1  
  27  5:44  Infested Barracks  
  27  5:46  Unknown  
  27  6:05  Infested Marine  
  27  6:06  Infested Marine x19  
  47  6:44  Infested Barracks  
  47  6:49  Infested Bunker  
  51  7:05  Infested SCV  
  51  7:06  Infested SCV x3  
  55  7:13  Overlord x2  
  55  7:18  Infested SCV  
  56  7:23  Overlord  
  56  7:29  Infested SCV  
  57  7:39  Infested SCV  
  38  7:57  Retinal Augmentation  
  38  8:02  Regenerative Plating  
  38  8:36  Infested Bunker  
  42  9:02  Stukov Infantry Armor Level 1  
  42  9:24  Infested Marine x9  
  42  9:25  Infested Marine x24  
  42  9:26  Infested Marine x11  
  85  9:46  Infested Factory  
  85  9:48  Infested SCV  
  86  9:52  Overlord x3  
  86  9:53  Overlord  
  86  9:57  Infested Refinery  
  86  10:02  Infested Refinery  
  85  10:11  Infestation Level 2  
  81  10:20  Overlord x2  
  81  10:21  Overlord  
  81  10:22  Overlord  
  81  10:27  Overlord  
  81  10:32  Infested SCV  
  82  10:50  Infested SCV  
  82  10:51  Infested SCV  
  45  11:13  Infested Marine x10  
  45  11:14  Infested Marine x20  
  75  11:50  Infested Armory  
  74  12:29  Stukov Infantry Weapons Level 2  
  66  12:52  Infested Marine x7  
  66  12:59  Aggressive Incubation  
  52  13:04  Infestation Level 3  
  52  13:13  Infested Marine  
  52  13:14  Infested Marine x8  
  52  13:19  Infested SCV x2  
  63  13:20  Infested SCV x2  
  63  13:22  Overlord  
  63  13:26  Overlord x3  
  63  13:28  Overlord  
  65  13:36  Overlord  
  69  14:10  Infested Bunker  
  69  14:29  Infested Marine x4  
  72  14:30  Infested Marine x22  
  85  14:40  Infested Marine  
  85  14:41  Infested Marine x14  
  85  14:42  Infested Marine x3  
  94  15:39  Stukov Infantry Armor Level 2  
  93  16:09  Infested Marine x10  
  97  16:10  Infested Marine x25  
  97  16:11  Infested Marine x25  
  113  16:42  Infested Marine  
  113  16:43  Infested Marine x15  
  113  16:44  Infested Marine x10  
  53  18:32  Infested Marine  
  53  18:33  Infested Marine x19  
  53  18:34  Infested Marine x14  
  87  18:49  Stukov Infantry Weapons Level 3  
  87  19:03  Infested Marine  
  87  19:04  Infested Marine x20  
  87  19:05  Infested Marine x12  
  120  19:52  Infested Marine  
  120  19:53  Infested Marine x18  
  120  19:54  Infested Marine x25  
  120  19:55  Infested Marine x16  
  113  20:51  Infested Marine  
  113  20:52  Infested Marine x14  
  113  20:53  Infested Marine x25  
  113  20:54  Infested Marine x20  
  112  21:40  Infested Marine x10  
  112  21:41  Infested Marine x25  
  112  21:42  Infested Marine x21  
  108  22:44  Infested Marine  
  108  22:45  Infested Marine x18  
  108  22:46  Infested Marine x26  
  108  22:47  Infested Marine x11  
Show
View Real Time Build Order
Export as new Build Order

OwL Protoss 

Build Orders:  

Get SALT Encoding   

  12  0:04  Probe (Chrono Boost)  
  13  0:23  Pylon  
  13  0:32  Assimilator  
  13  0:39  Assimilator  
  13  0:53  Pylon  
  13  1:03  Probe (Chrono Boost)  
  14  1:16  Probe (Chrono Boost)  
  15  1:30  Gateway  
  15  1:44  Gateway  
  15  2:04  Dark Pylon  
  15  2:47  Cybernetics Core  
  15  2:54  Forge  
  15  2:58  Centurion x2  
  19  3:10  Dark Pylon  
  19  3:17  Probe (Chrono Boost)  
  20  3:31  Probe (Chrono Boost)  
  20  3:36  Centurion x2  
  25  3:45  Probe (Chrono Boost)  
  26  3:52  Twilight Council  
  26  3:57  Warp Gate  
  26  3:59  Probe (Chrono Boost)  
  26  4:02  Protoss Ground Weapons Level 1  
  27  4:14  Centurion  
  29  4:20  Forge  
  31  5:06  Protoss Shields Level 1  
  31  5:14  Stalker  
  31  5:16  Stalker  
  35  5:33  Gateway  
  35  5:38  Gateway  
  35  5:58  Stalker x2  
  37  7:17  Nexus  
  37  7:24  Assimilator  
  37  7:29  Assimilator  
  37  7:35  Pylon  
  37  7:38  Pylon  
  37  7:44  Probe (Chrono Boost)  
  38  7:58  Probe (Chrono Boost)  
  38  7:59  Shadow Charge  
  39  8:12  Probe (Chrono Boost), Protoss Ground Weapons Level 2  
  39  8:14  Protoss Ground Armor Level 1  
  40  8:26  Probe (Chrono Boost)  
  39  8:40  Probe (Chrono Boost)  
  40  8:59  Darkcoil  
  30  9:59  Dark Shrine  
  26  10:03  Probe (Chrono Boost)  
  26  10:04  Probe (Chrono Boost)  
  28  10:16  Probe (Chrono Boost)  
  28  10:18  Probe (Chrono Boost)  
  30  10:20  Photon Cannon  
  30  10:23  Photon Cannon  
  30  10:26  Photon Cannon  
  30  10:28  Dark Pylon  
  30  10:29  Blink  
  30  10:30  Probe (Chrono Boost)  
  30  10:31  Photon Cannon  
  30  10:32  Probe (Chrono Boost), Photon Cannon  
  30  10:38  Stalker x2  
  36  10:42  Stalker  
  36  10:44  Probe (Chrono Boost)  
  36  10:46  Probe (Chrono Boost)  
  40  10:52  Stalker  
  40  10:58  Probe (Chrono Boost)  
  43  11:00  Probe (Chrono Boost)  
  44  11:22  Protoss Ground Armor Level 2  
  44  12:10  Dark Pylon  
  44  12:14  Dark Templar x3  
  44  12:15  Dark Templar  
  50  13:43  Probe (Chrono Boost)  
  50  13:47  Probe (Chrono Boost)  
  52  13:57  Probe (Chrono Boost)  
  53  14:01  Probe (Chrono Boost)  
  53  14:08  Gateway  
  54  14:10  Gateway  
  54  14:11  Probe (Chrono Boost)  
  54  14:14  Gateway  
  54  14:15  Probe (Chrono Boost)  
  54  14:16  Gateway  
  54  14:18  Gateway x2  
  56  14:20  Gateway  
  56  14:25  Probe (Chrono Boost), Gateway  
  56  14:28  Probe (Chrono Boost), Gateway  
  58  14:31  Gateway  
  58  14:36  Gateway  
  58  14:39  Probe (Chrono Boost), Gateway  
  59  14:42  Probe (Chrono Boost)  
  59  14:43  Gateway  
  56  15:33  Dark Pylon  
  56  15:50  Pylon  
  56  15:52  Pylon x2  
  56  15:58  Pylon  
  56  15:59  Pylon  
  56  16:00  Pylon, Dark Templar  
  56  16:01  Pylon, Dark Templar x4  
  56  16:02  Dark Templar x4  
  56  16:03  Dark Templar x3  
  56  16:04  Dark Templar x2  
  56  16:06  Dark Templar  
  86  16:14  Shadow Fury  
  82  18:01  Stalker x2  
  82  18:02  Stalker x5  
  82  18:03  Stalker x5  
  82  18:04  Stalker x5  
  114  19:37  Dark Pylon  
  106  20:18  Pylon  
  106  20:20  Pylon  
  106  20:21  Pylon  
  106  20:24  Pylon x2  
  106  20:39  Gateway  
  106  20:53  Stargate x3  
  106  20:54  Stargate  
  106  20:57  Stargate x2  
  102  21:35  Dark Pylon  
  102  21:43  Stalker x4  
  102  21:44  Stalker x4  
  102  21:45  Stalker x3  
  102  21:46  Stalker x4  
  102  21:47  Stalker  
  102  21:48  Stalker  
  122  22:48  Dark Pylon  
  122  22:54  Centurion x4  
  122  22:55  Centurion x5  
  122  22:56  Centurion x5  
  122  22:57  Centurion x2  
  122  22:58  Centurion x2  
Tags
 
Commander
StukovVorazun
Matchup
Co-op
Replay Pack
Multiplayer
Add a new tag
Caveats
  • Supply blocks, unpowered buildings, or Contaminate may cause inaccurate times.
  • Supply counts are checked every 10 seconds.